 Dungeon Sprint DCSS version 0.29-a0-870-g2c972031a6 (webtiles) character file.

Game seed: 9633769842792103354

23126 mhtbhm the Peltast (level 13, 0/90 HPs)
             Began as a Gargoyle Fighter on July 17, 2022.
             Was the Champion of Qazlal.
             Killed by divine providence
             ... invoked by a daeva
              (9 damage)
             ... in the Dungeon (Sprint VII: "The Pits").
             The game lasted 00:08:05 (2968 turns).

mhtbhm the Peltast (Gargoyle Fighter)               Turns: 2968, Time: 00:08:05

Health: 0/90       AC: 35    Str: 25 (26) XL:     13   Next: 4%
Magic:  15/25      EV: 15    Int:  8      God:    Qazlal [******]
Gold:   0          SH: 16    Dex:  9      Spells: 12/12 levels left

rFire   + . .      SeeInvis .   a - +3 flail (vorpal)
rCold   . . .      Faith    .   c - +0 buckler
rNeg    + . .      Spirit   .   b - +2 plate armour {rF+}
rPois   ∞          Reflect  .   s - +0 helmet
rElec   +          Harm     .   (no cloak)
rCorr   .          Rampage  .   B - +0 pair of gloves
Will    .....      NoTele   +   t - +0 pair of boots
Stlth   ..........              (no amulet)
HPRegen 0.25/turn               n - +3 ring of evasion
MPRegen 0.19/turn               o - +3 ring of evasion

@: protected from physical damage, glowing, repel missiles
A: sickness immunity, AC +9, negative energy resistance 1, electricity
resistance, torment resistance 1, petrification resistance
a: Renounce Religion, Upheaval, Elemental Force, Disaster Area


You were in the Dungeon.
You worshipped Qazlal.
Qazlal was exalted by your worship.
You visited 1 branch

Inventory:

Hand Weapons
 a - a +3 vorpal flail (weapon)
 z - the +5 war axe of the Rescuing Fool {pain, Drain Fly rPois rN++}
   (You found it in the Dungeon)

   In the hands of one skilled in necromantic magic, it inflicts extra damage on
   living creatures.
   rPois:     It protects you from poison.
   rN:        It greatly protects you from negative energy.
   Fly:       It grants you flight.
   Drain:     It drains your maximum health when unequipped.
Armour
 b - a +2 plate armour of fire resistance (worn)
 c - a +0 buckler (worn)
 s - a +0 helmet (worn)
 t - a +0 pair of boots (worn)
 B - a +0 pair of gloves (worn)
Jewellery
 n - a +3 ring of evasion (left hand)
 o - a +3 ring of evasion (right hand)
 y - a ring of flight
 A - a ring of fire
Scrolls
 j - 2 scrolls of blinking
 l - 6 scrolls of amnesia
 m - a scroll of summoning
 u - a scroll of fear
 v - 8 scrolls of identify
 w - 4 scrolls of enchant armour
 x - 4 scrolls of enchant weapon
Potions
 d - 3 potions of might
 e - 2 potions of curing
 f - 2 potions of heal wounds
 g - 2 potions of haste
 h - a potion of magic
 i - 4 potions of berserk rage
 k - 2 potions of invisibility
 p - a potion of resistance
 q - 2 potions of brilliance
 r - a potion of mutation
Miscellaneous
 D - a condenser vane
 E - a box of beasts


   Skills:
 + Level 14.2 Fighting
 + Level 15.5 Maces & Flails
 + Level 2.2 Throwing
 + Level 13.2 Armour
 + Level 6.5 Dodging
 + Level 7.2 Stealth
 + Level 17.9 Shields
 * Level 17.5 Invocations
 + Level 0.5 Evocations


You had 12 spell levels left.
You didn't know any spells.
Your spell library contained the following spells:

 Spells                   Type           Power      Damage    Failure   Level
 Portal Projectile        Hex/Tloc       0%         N/A       100%        3
 Tukima's Dance           Hex            0%         N/A       100%        3
 Blade Hands              Tmut           0%         N/A       100%        5


Dungeon Overview and Level Annotations

Branches:
Dungeon (1/1)

Altars:
Ashenzari
Cheibriados
Dithmenos
Elyvilon
Fedhas
Gozag
Hepliaklqana
Kikubaaqudgha
Makhleb
Nemelex Xobeh
Okawaru
Qazlal
Ru
Sif Muna
Trog
Uskayaw
Vehumet
Wu Jian
Xom
Yredelemnul
Zin
The Shining One
Jiyva
Lugonu


Innate Abilities, Weirdness & Mutations

You are immune to sickness and miasma.
Your stone body is resilient. (AC +9)
You are immune to poison.
You resist negative energy. (rN+)
You are resistant to electric shocks. (rElec)
You are resistant to unholy torment.
You are immune to petrification.


Message History

You hit the daeva but do no damage.
The daeva is severely wounded.
The daeva closely misses you. The daeva hits you but does no damage.
Your fire elemental hits the daeva.
Your fire elemental burns the daeva!
You bludgeon the daeva!!
The daeva is almost dead.
Your fire elemental misses the daeva.
Unknown command.
The daeva blocks your attack.
The daeva is almost dead.
Your fire elemental disappears in a puff of smoke! x2
The daeva calls down the wrath of the Shining One upon you.
The Shining One smites you!
* * * LOW HITPOINT WARNING * * *
You barely miss the daeva.
The daeva is almost dead.
The daeva calls down the wrath of the Shining One upon you.
The Shining One smites you!
* * * LOW HITPOINT WARNING * * *
Unknown command.
You feel much better. You block the daeva's attack.
The daeva hits you but does no damage.
Unknown command.
You closely miss the daeva.
The daeva is almost dead.
The daeva blocks your attack.
The daeva is almost dead.
The daeva calls down the wrath of the Shining One upon you.
The Shining One smites you!
* * * LOW HITPOINT WARNING * * *
You hit the daeva but do no damage.
The daeva is almost dead.
The daeva calls down the wrath of the Shining One upon you.
The Shining One smites you!
* * * LOW HITPOINT WARNING * * *
The daeva blocks your attack.
The daeva is almost dead.
The daeva calls down the wrath of the Shining One upon you.
The Shining One smites you!
You die...

#....................''.....
#..################..##..#.. #..#
.# #.#..##..... #..# .#
#)##..##..... #..# 5# #(#
#..####''# #..# l# #)# #..####''#
#..# (#)# #..##.....
#..#########A######..##)#÷##
######........°§@○....... #.#.[+
___.##............☼...... #.'..#
___.###########++######## #.#).+
_...###########++###########.+}.#
###'##................##..##.##+#
))'.##......#..#......##..##..
###.##................''..####
.....'................'†..#######
'#####......#..#......##.........


You could see a daeva.

Vanquished Creatures
  A ghost moth (D)
  A spriggan defender (D)
  An eidolon (D)
  A minotaur (D)
  A fire dragon (D)
  A rakshasa (D)
  An anaconda (D)
  A death knight (D)
  A merfolk avatar (D)
  2 two-headed ogres (D)
  An orc high priest (D)
  A sixfirhy (D)
  A swamp dragon (D)
  A deep troll (D)
  3 harpies (D)
  A lindwurm (D)
  A phantasmal warrior (D)
  A cane toad (D)
  A smoke demon (D)
  A molten gargoyle (D)
  A freezing wraith (D)
  A guardian mummy (D)
  2 red devils (D)
  A troll (D)
  A tyrant leech (D)
  A hornet (D)
  A snapping turtle (D)
  A tarantella (D)
  2 flying skulls (D)
  A shadow (D)
  2 ynoxinuls (D)
  A basilisk (D)
  A spriggan (D)
  A wyvern (D)
  A fire elemental (D)
  A chaos spawn (D)
  2 steam dragons (D)
  3 redbacks (D)
  6 vampire mosquitoes (D)
  A floating eye (D)
  3 swamp drakes (D)
  An orc warrior (D)
  An ice beast (D)
  2 wolves (D)
  2 centaurs (D)
  An earth elemental (D)
  5 wights (D)
  3 small abominations (D)
  3 hounds (D)
  A jelly (D)
  4 orc priests (D)
  An iguana (D)
  A hell rat (D)
  A white imp (D)
  2 adder zombies (D)
  6 orcs (D)
  4 bats (D)
  A bat skeleton (D)
  An endoplasm (D)
  3 giant cockroaches (D)
  A quokka (D)
  A bat simulacrum (D)
  2 frilled lizards (D)
  A giant cockroach zombie (D)
105 creatures vanquished.

Vanquished Creatures (collateral kills)
  A ghost moth (D)
  A red draconian (D)
  An ice dragon (D)
  A death yak (D)
  A bog body (D)
  A snapping turtle (D)
  A basilisk (D)
  An orc (D)
  An endoplasm (D)
9 creatures vanquished.

Vanquished Creatures (others)
  A two-headed ogre (D)
  A sixfirhy (D)
  A white imp (D)
3 creatures vanquished.

Grand Total: 117 creatures vanquished

Notes
Turn   | Place    | Note
-------+----------+-------------------------------------------
     0 | D        | mhtbhm the Gargoyle Fighter began the quest for the Orb.
     0 | D        | Reached XP level 1. HP: 14/14 MP: 1/1
    27 | D        | Found a bloodstained altar of Trog.
    27 | D        | Found a shimmering blue altar of Sif Muna.
    27 | D        | Found a viscous altar of Jiyva.
    27 | D        | Found a hazy altar of Hepliaklqana.
    27 | D        | Found an opulent altar of Gozag.
    28 | D        | Found a glowing golden altar of the Shining One.
    28 | D        | Found a glowing silver altar of Zin.
    28 | D        | Found a basalt altar of Yredelemnul.
    28 | D        | Found a shimmering altar of Xom.
    28 | D        | Found an ornate altar of the Wu Jian Council.
    28 | D        | Found a sacrificial altar of Ru.
    28 | D        | Found a stormy altar of Qazlal.
    28 | D        | Found an iron altar of Okawaru.
    28 | D        | Found a sparkling altar of Nemelex Xobeh.
    28 | D        | Found a burning altar of Makhleb.
    28 | D        | Found a blossoming altar of Fedhas.
    28 | D        | Found a white marble altar of Elyvilon.
    28 | D        | Found a shadowy altar of Dithmenos.
    28 | D        | Found a snail-covered altar of Cheibriados.
    30 | D        | Found a radiant altar of Vehumet.
    30 | D        | Found a corrupted altar of Lugonu.
    31 | D        | Found a hide-covered altar of Uskayaw.
    31 | D        | Found an ancient bone altar of Kikubaaqudgha.
    31 | D        | Found a broken altar of Ashenzari.
    35 | D        | Became a worshipper of Qazlal Stormbringer
    73 | D        | Noticed a floating eye
    76 | D        | Paralysed by a floating eye for 2 turns
    81 | D        | Paralysed by a floating eye for 2 turns
    83 | D        | Killed a floating eye
    84 | D        | Reached XP level 2. HP: 22/22 MP: 2/2
    84 | D        | Reached XP level 3. HP: 27/27 MP: 3/3
    84 | D        | Reached XP level 4. HP: 32/32 MP: 4/4
   101 | D        | Reached * piety under Qazlal
   148 | D        | Reached ** piety under Qazlal
   235 | D        | Reached skill level 1 in Invocations
   235 | D        | Reached XP level 5. HP: 35/37 MP: 4/6
   237 | D        | Reached *** piety under Qazlal
   262 | D        | Reached skill level 5 in Maces & Flails
   316 | D        | Noticed a wolf
   322 | D        | Killed a wolf
   322 | D        | Reached **** piety under Qazlal
   323 | D        | Reached XP level 6. HP: 38/44 MP: 6/8
   353 | D        | Noticed a snapping turtle
   392 | D        | HP: 2/44 [snapping turtle (20)]
   396 | D        | Killed a snapping turtle
   397 | D        | Reached skill level 1 in Dodging
   397 | D        | Reached skill level 5 in Invocations
   397 | D        | Reached XP level 7. HP: 44/49 MP: 8/10
   526 | D        | Reached ***** piety under Qazlal
   617 | D        | Noticed a guardian mummy
   617 | D        | Noticed a tyrant leech
   636 | D        | Killed a tyrant leech
   643 | D        | Killed a guardian mummy
   644 | D        | Reached XP level 8. HP: 41/56 MP: 11/13
   863 | D        | Reached skill level 10 in Maces & Flails
   876 | D        | Reached ****** piety under Qazlal
  1090 | D        | Noticed a flying skull
  1090 | D        | Noticed a two-headed ogre
  1090 | D        | Noticed a freezing wraith
  1110 | D        | Killed a two-headed ogre
  1111 | D        | Reached XP level 9. HP: 62/62 MP: 13/15
  1112 | D        | Reached skill level 10 in Shields
  1128 | D        | Reached skill level 10 in Fighting
  1133 | D        | Killed a freezing wraith
  1312 | D        | Noticed a molten gargoyle
  1318 | D        | Noticed a merfolk avatar
  1328 | D        | Killed a molten gargoyle
  1335 | D        | Reached skill level 1 in Stealth
  1335 | D        | Reached skill level 10 in Invocations
  1339 | D        | Killed a merfolk avatar
  1340 | D        | Reached XP level 10. HP: 47/68 MP: 17/17
  1649 | D        | Noticed an anaconda
  1666 | D        | Killed an anaconda
  1667 | D        | Reached skill level 10 in Armour
  1912 | D        | Noticed a bog body
  1912 | D        | Noticed a two-headed ogre
  1914 | D        | Noticed a spriggan defender
  1915 | D        | Noticed a smoke demon
  1917 | D        | Killed a smoke demon
  1918 | D        | Reached XP level 11. HP: 76/76 MP: 2/20
  1924 | D        | Killed a spriggan defender
  1927 | D        | Killed a bog body
  1932 | D        | Killed a two-headed ogre
  2051 | D        | Got the +5 war axe of the Rescuing Fool {pain, Drain Fly
                  | rPois rN++}
  2202 | D        | Noticed a swamp dragon
  2213 | D        | Killed a swamp dragon
  2233 | D        | Noticed a phantasmal warrior
  2234 | D        | Noticed a sixfirhy
  2242 | D        | Killed a phantasmal warrior
  2243 | D        | Reached skill level 15 in Shields
  2247 | D        | Killed a sixfirhy
  2348 | D        | Noticed a minotaur
  2363 | D        | Killed a minotaur
  2594 | D        | Noticed a harpy
  2594 | D        | Noticed a harpy
  2594 | D        | Noticed a harpy
  2594 | D        | Noticed an ice dragon
  2594 | D        | Noticed a red draconian
  2594 | D        | Noticed a fire dragon
  2594 | D        | Noticed a death yak
  2596 | D        | Killed a harpy
  2596 | D        | Killed a harpy
  2597 | D        | Reached XP level 12. HP: 80/84 MP: 13/23
  2598 | D        | Reached skill level 15 in Maces & Flails
  2598 | D        | Reached skill level 15 in Invocations
  2608 | D        | Killed an ice dragon
  2609 | D        | Reached skill level 5 in Dodging
  2611 | D        | Killed a death yak
  2619 | D        | Killed a red draconian
  2628 | D        | Killed a fire dragon
  2629 | D        | Reached skill level 5 in Stealth
  2913 | D        | Noticed a death knight
  2913 | D        | Noticed an orc high priest
  2914 | D        | Noticed a ghost moth
  2915 | D        | Noticed a two-headed ogre
  2919 | D        | Killed a ghost moth
  2920 | D        | Noticed an eidolon
  2922 | D        | Killed a two-headed ogre
  2923 | D        | Reached skill level 1 in Throwing
  2925 | D        | Killed an orc high priest
  2929 | D        | Killed an eidolon
  2929 | D        | Killed a rakshasa
  2934 | D        | Noticed a ghost moth
  2936 | D        | Killed a death knight
  2942 | D        | Killed a ghost moth
  2943 | D        | Reached XP level 13. HP: 36/90 MP: 0/25
  2943 | D        | Identified the ring "Caomuunuga" {rElec rC+ Will+ Int+3}
  2949 | D        | Noticed a daeva
  2968 | D        | Killed from afar by a daeva

Illustrated notes

Levels and vault maps discovered:
D:        pitsprint [storerooms_1, entrance_room_1, metal_vault_3, armoury_1,
          mini_pit_1, grid_room_1, main_hall_1, silver_pit, the_coven_1,
          the_vestibule_1, steel_vault_2, golden_pit, hallway_of_sentries,
          crystal_vault_3, iron_vault_5, final_vault]

Skill      XL: |  1  2  3  4  5  6  7  8  9 10 11 12 |
---------------+-------------------------------------+-----
Fighting       | 6 7 8 9 10 11 13 14 | 14.2
Maces & Flails | 4 6 7 9 11 13 14 15 | 15.5
Armour         | 6 7 8 9 10 12 13 | 13.2
Shields        | 6 7 8 9 11 13 16 17 | 17.9
Invocations    | 1 3 5 7 8 10 12 14 17 | 17.5
Dodging        | 1 2 3 4 6 |  6.5
Stealth        | 1 3 4 7 |  7.2
Throwing       | 2 |  2.2
Evocations     | |  0.5

Action                   |  1- 3 |  4- 6 |  7- 9 | 10-12 | 13-15 || total
-------------------------+-------+-------+-------+-------+-------++-------
Melee: Mace              |     8 |    92 |   119 |   108 |       ||   327
       Flail             |     4 |       |       |   103 |    16 ||   123
Throw: Javelin           |       |       |       |     6 |       ||     6
Invok: Elemental Force   |       |       |     1 |     4 |     1 ||     6
       Disaster Area     |       |       |       |     2 |       ||     2
       Upheaval          |       |       |       |     4 |       ||     4
Evoke: Condenser vane    |       |       |       |     2 |       ||     2
       Box of beasts     |       |       |       |     1 |       ||     1
  Use: Potion            |       |     5 |     3 |     8 |     7 ||    23
 Stab: Confused          |       |       |     1 |       |       ||     1
       Paralysed         |       |       |       |     4 |       ||     4
Armor: Scale mail        |     4 |    13 |       |       |       ||    17
       Chain mail        |       |    38 |    30 |    53 |       ||   121
       Plate armour      |       |       |       |    18 |     4 ||    22
Dodge: Dodged            |     1 |    28 |    46 |    98 |     2 ||   175
       Repelled          |       |       |     1 |     1 |       ||     2
Block: Buckler           |     1 |    42 |    70 |   156 |     6 ||   275

Table legend: (Time is in decaauts)
 A = Elapsed time spent in this place.
 B = Non-inter-level travel time spent in this place.
 C = Inter-level travel time spent in this place.
 D = Time resting spent in this place.
 E = Time spent auto-exploring this place.
 F = Levels seen in this place.
 G = Mean time per level.
                   A        B        C        D        E       F      G
               +--------+--------+--------+--------+--------+-----+--------+
         Total |   2911 |   2911 |      0 |   1586 |     61 |   1 | 2911.0 |
       Dungeon |   2911 |   2911 |      0 |   1586 |     61 |   1 | 2911.0 |
               +--------+--------+--------+--------+--------+-----+--------+

Top non-repeatable levels by time:
       D: 2911 daAuts
